 Dungeon Crawl Stone Soup version 0.31-a0-986-g5e6e4ef867 (webtiles) character file.

Game seed: 15676737901778878298

32 IdlyInterested the Trooper (level 3, -1/30 HPs)
             Began as a Demonspawn Fighter on Nov 15, 2023.
             Slain by a gnoll
             ... wielding a +0 flail
              (10 damage)
             ... on level 2 of the Dungeon.
             The game lasted 00:02:26 (816 turns).

IdlyInterested the Trooper (Demonspawn Fighter)      Turns: 816, Time: 00:02:27

Health: -1/30      AC:  6    Str: 16    XL:     3   Next: 10%
Magic:  3/3        EV:  9    Int:  9    God:
Gold:   80         SH:  4    Dex: 14    Spells: 2/2 levels left

rFire   . .          .
                       - Unarmed
rCold   . . .        b - +0 buckler
rNeg    . . .        a - +0 scale mail
rPois   .            (no helmet)
rElec   .            (no cloak)
rCorr   .            (no gloves)
SInv    .            (no boots)
Will    .....        (no amulet) Stlth
                     (no ring)
HPRegen 0.25/turn    (no ring)
MPRegen 0.08/turn

%: no passive effects
@: invisible
A: spiny 1
a: no special abilities


You were on level 2 of the Dungeon.
You visited 1 branch of the dungeon, and saw 2 of its levels.

You collected 80 gold pieces.

Inventory:

Hand Weapons
 m - a +0 club
 o - a +0 trident
 p - a +0 dagger
 q - a +0 hand axe
Missiles
 j - 22 stones
Armour
 a - a +0 scale mail (worn)
 b - a +0 buckler (worn)
Talismans
 n - a talisman of death
Scrolls
 g - 2 scrolls of identify {unknown}
 h - a scroll of revelation {unknown}
 i - a scroll of fog {unknown}
 l - a scroll of enchant armour {unknown}
 r - a scroll of vulnerability {unknown}
Potions
 c - a potion of might
 e - a potion of brilliance {unknown}
 f - a potion of attraction {unknown}
 k - a potion of haste {unknown}
 s - a potion of enlightenment {unknown}


   Skills:
 + Level 3.8 Fighting
 - Level 1.0 Throwing
 - Level 2.6 Armour
 - Level 1.0 Dodging
 - Level 2.6 Shields
 - Level 1.7 Unarmed Combat


You had 2 spell levels left.
You didn't know any spells.
Your spell library was empty.

Dungeon Overview and Level Annotations

Branches:
Dungeon (2/15)

Altars:


Innate Abilities, Weirdness & Mutations

You are partially covered in sharp spines.


Message History

The gnoll closely misses you.
Training target 1.0 for Throwing reached!
Your Throwing skill increases to level 1!
You feel sick. The gnoll barely misses you. The adder barely misses you.
You feel sick.
You feel sick.
You are no longer poisoned.
The adder attacks as it pursues you! You block the adder's attack.
The gnoll is struck by your spines. The gnoll hits you with a +0 flail.
The adder is struck by your spines. The adder barely misses you.
You block the gnoll's attack.
You see here a scroll labelled VEIHIJ GYFUC.
You hit the gnoll.
The gnoll is severely wounded.
The gnoll barely misses you.
You barely miss the gnoll.
The gnoll is severely wounded.
The gnoll is struck by your spines. The gnoll hits you with a +0 flail.
* * * LOW HITPOINT WARNING * * *
It was a potion of invisibility.
You fade into invisibility!
The gnoll is struck by your spines.
You kill the gnoll!
You have reached level 3!
Your experience leads to an increase in your attributes!
Increase (S)trength, (I)ntelligence, or (D)exterity?
You feel agile. x2
Okay, then.
You hit the gnoll but do no damage. You block the gnoll's attack.
You hit the gnoll.
The gnoll is moderately wounded.
The gnoll barely misses you.
You hit the gnoll.
The gnoll is heavily wounded.
The gnoll hits you but does no damage.
You strike the helpless gnoll from behind!
You hit the gnoll but do no damage.
The gnoll is heavily wounded.
The gnoll hits you with a +0 flail!
You die...

.......)..[.....## #........
........†....#.## #........
................###.........
...................
..................#
.........[....###.#
....#.....gS......#
###########g####... #@# ..
#.# #.. ##.. ###


You could see 2 gnolls and an adder (unable to see you).

Vanquished Creatures
  2 gnolls (D:2)
  5 bats
  2 endoplasms (D:1)
  A goblin (D:1)
  2 hobgoblins (D:1)
  A ball python (D:2)
  A frilled lizard (D:1)
  A rat (D:1)
15 creatures vanquished.

Notes
Turn   | Place    | Note
-------+----------+-------------------------------------------
     0 | D:1      | IdlyInterested the Demonspawn Fighter began the quest for
                  | the Orb.
     0 | D:1      | Reached XP level 1. HP: 18/18 MP: 1/1
   128 | D:1      | You fall into a shaft and drop 1 floor!
   366 | D:1      | Reached skill level 1 in Dodging
   418 | D:1      | Found a faded altar of an unknown god.
   531 | D:1      | Gained mutation: You are partially covered in sharp spines.
                  | [demonic ancestry]
   531 | D:1      | Reached XP level 2. HP: 22/24 MP: 2/2
   803 | D:2      | Reached skill level 1 in Throwing
   813 | D:2      | Reached XP level 3. HP: 8/30 MP: 3/3
   816 | D:2      | Slain by a gnoll

Illustrated notes

Levels and vault maps discovered:
D:1:      dpeg_arrival_three_smaller_balls, layout_basic,
          hellmonk_ecumenical_altar_crossroads, skrybe_limestone_x
D:2:      layout_rooms, minmay_misc_feat_rugged

Skill      XL: |  1  2 |
---------------+-------+-----
Dodging        | 1 |  1.0
Throwing       | 1 |  1.0
Fighting       | |  3.8
Armour         | |  2.6
Shields        | |  2.6
Unarmed Combat | |  1.7

Action                     || total
---------------------------++-------
  Melee: Unarmed           ||    54
    Use: Potion            ||     1
   Stab: Invisible         ||     1
 Armour: Scale mail        ||    35
  Dodge: Dodged            ||    35
  Block: Buckler           ||    12

Table legend: (Time is in decaauts)
 A = Elapsed time spent in this place.
 B = Non-inter-level travel time spent in this place.
 C = Inter-level travel time spent in this place.
 D = Time resting spent in this place.
 E = Time spent auto-exploring this place.
 F = Levels seen in this place.
 G = Mean time per level.
                   A        B        C        D        E       F      G
               +--------+--------+--------+--------+--------+-----+--------+
         Total |    815 |    799 |     16 |     29 |    539 |   2 |  407.5 |
       Dungeon |    815 |    799 |     16 |     29 |    539 |   2 |  407.5 |
               +--------+--------+--------+--------+--------+-----+--------+

Top non-repeatable levels by time:
     D:1: 746 daAuts
     D:2: 69 daAuts
